 Dungeon Crawl Stone Soup version 0.31-a0-187-gba352fbbf7 (webtiles) character file.

Game seed: 11912838185490758350

77 qw the Shooter (level 4, 0/25 HPs)
             Began as a Deep Elf Hunter on June 22, 2023.
             Succumbed to their own poison gas
             ... on level 2 of the Dungeon.
             The game lasted 00:00:35 (1445 turns).

qw the Shooter (Deep Elf Hunter)                    Turns: 1445, Time: 00:00:36

Health: 0/25       AC:  4    Str: 10    XL:     4   Next: 14%
Magic:  6/6        EV: 12    Int: 14    God:
Gold:   78         SH:  0    Dex: 18    Spells: 3/3 levels left

rFire   . . .        Y - +0 shortbow
rCold   . . .        (shield currently unavailable)
rNeg    + . .        c - +0 leather armour
rPois   .            (no helmet)
rElec   .            (no cloak)
rCorr   .            e - +0 pair of gloves
SInv    .            (no boots)
Will    .....        (no amulet)
Stlth   ++           h - ring of positive energy
HPRegen 0.24/turn    (no ring)
MPRegen 0.10/turn

%: no passive effects
@: lethally poisoned (0 -> -2)
A: no striking features
a: no special abilities


You were on level 2 of the Dungeon.
You visited 1 branch of the dungeon, and saw 2 of its levels.

You collected 78 gold pieces.


   Skills:
 - Level 1.5 Fighting
 + Level 7.5 Ranged Weapons
 - Level 2.4 Dodging
 - Level 1.2 Stealth


You had 3 spell levels left.
You didn't know any spells.
Your spell library was empty.

Inventory:

Hand Weapons
 Y - a +0 shortbow (weapon)
Armour
 c - a +0 leather armour (worn)
 e - a +0 pair of gloves (worn)
Jewellery
 h - a ring of positive energy (left hand)
Potions
 b - a potion of heal wounds {unknown}
 d - a potion of experience {unknown}

Dungeon Overview and Level Annotations

Branches:
Dungeon (2/15)

Altars:

Shops:
D:2 [


Message History

Blink to where?
Press: ? - help, Dir - move target, f - you Are you sure you want to cancel this blink?
As you read the scroll labelled CUPNYETTIONG, it crumbles to dust.
It was a scroll of blinking.
Done exploring.
(D) Dungeon
Where to? (* - list waypoints, Enter - D:2, ? - help)
What level of the Dungeon? (default 1, ? - help) Sorry, I don't know how to get there.
Enter note:
Enter note:
Enter note:
Enter note:
Enter note:
Enter note:
Enter note:
Enter note:
Enter note: Really walk into that cloud of poison gas?
You are engulfed in poison gas.
You are poisoned.
You feel very sick.
1437 ||| Stepping ~*~*~tactically~*~*~ (cloud).
You feel very sick.
There is a lethal amount of poison in your body!
You feel very sick.
There is a lethal amount of poison in your body!
You feel sick.
There is a lethal amount of poison in your body!
You feel sick.
There is a lethal amount of poison in your body!
You feel sick.
There is a lethal amount of poison in your body!
You feel sick.
There is a lethal amount of poison in your body!
You feel sick.
There is a lethal amount of poison in your body!
You feel sick.
There is a lethal amount of poison in your body!
You die...

#....#.#####.##.###.#
##.#.#.#####.######.####
.....#.......# #¤......#
##.......#######.##.##.##
#...###.#.....#0##.##..##
##..###.#.....#.##......#
#).#.........#0#####..##
#......#.....#.#####¤¤#
#.##.#.#.....#@¤00¤.00#
###......##############0#
.......#.# ####.#
###.####.# #....#
#......# #.####
###.########### #.#
..>...##......######.#
.##.#.##.##..........#
.##.........#.########


There were no monsters in sight!

Vanquished Creatures
  An adder (D:2)
  2 worms (D:2)
  3 dart slugs
  3 ball pythons
  2 endoplasms
  2 giant cockroaches
  7 goblins
  8 hobgoblins
  6 jackals (D:2)
  2 kobolds
  4 quokkas
  3 bats
  4 frilled lizards (D:1)
  3 rats (D:1)
50 creatures vanquished.

Notes
Turn   | Place    | Note
-------+----------+-------------------------------------------
     0 | D:1      | qw the Deep Elf Hunter began the quest for the Orb.
     0 | D:1      | Reached XP level 1. HP: 12/12 MP: 3/3
     0 | D:1      | 0 ||| qw: Version: 0.3-a-9-g12657ce
     0 | D:1      | 0 ||| qw: Game counter: 2167
     0 | D:1      | 0 ||| qw: Always use a shield: true
     0 | D:1      | 0 ||| qw: God list: Okawaru
     0 | D:1      | 0 ||| qw: Allow faded altars: false
     0 | D:1      | 0 ||| qw: Do Orc after D:15 true
     0 | D:1      | 0 ||| qw: Do second Lair branch before Depths: true
     0 | D:1      | 0 ||| qw: Lair rune preference: random
     0 | D:1      | 0 ||| qw: Plans: Normal
     0 | D:1      | 0 ||| PLANNING D:1-11
    85 | D:1      | Found a faded altar of an unknown god.
   220 | D:1      | Reached skill level 6 in Ranged Weapons
   220 | D:1      | Reached XP level 2. HP: 16/16 MP: 4/4
   742 | D:1      | 742 ||| DROPPING scroll of butterflies.
   793 | D:2      | Found Kamin's Antique Armour Shoppe.
   796 | D:2      | Reached XP level 3. HP: 20/20 MP: 5/5
   813 | D:2      | 813 ||| SHOPLISTING glowing leather armour (100 gold, have
                  | 51).
   813 | D:2      | 813 ||| SHOPLISTING pair of translucent boots (190 gold,
                  | have 51).
   813 | D:2      | 813 ||| SHOPLISTING ring mail (80 gold, have 51).
   813 | D:2      | 813 ||| SHOPLISTING scale mail (80 gold, have 51).
   813 | D:2      | 813 ||| SHOPLISTING shiny ring mail (140 gold, have 51).
   944 | D:2      | Reached skill level 7 in Ranged Weapons
  1125 | D:2      | Reached XP level 4. HP: 25/25 MP: 6/6
  1427 | D:2      | 1427 ||| UPGRADING to +0 pair of gloves.
  1432 | D:2      | 1432 ||| UPGRADING to ring of positive energy.
  1433 | D:2      | 1433 ||| READING scroll labelled ZERISTIPEB.
  1434 | D:2      | 1434 ||| READING scroll labelled NYNAUSH TOHI.
  1435 | D:2      | 1435 ||| READING scroll labelled CUPNYETTIONG.
  1437 | D:2      | 1437 ||| Stepping ~*~*~tactically~*~*~ (cloud).
  1439 | D:2      | HP: 6/25 [poisoned by you (poison gas)]
  1442 | D:2      | HP: 2/25 [poisoned by you (poison gas)]
  1445 | D:2      | Succumbed to their own poison gas

Levels and vault maps discovered:
D:1:      amcnicky_arrival_abandoned_market, layout_basic,
          hellmonk_ecumenical_altar_blasted, corexii_item_surrounded_by_moat,
          chequers_serial_rivers_micro_d
D:2:      layout_loops_cross, serial_shops, nicolae_shop_stone

Skill      XL: |  1  2  3 |
---------------+----------+-----
Ranged Weapons | 6 7 |  7.5
Fighting       | |  1.5
Dodging        | |  2.4
Stealth        | |  1.2

Action                     |  1- 3 |  4- 6 || total
---------------------------+-------+-------++-------
   Fire: Shortbow          |   123 |    19 ||   142
    Use: Scroll            |       |     3 ||     3
 Armour: Leather armour    |     7 |     2 ||     9
  Dodge: Dodged            |    22 |     3 ||    25

Table legend:
 A = Non-vault XP
 B = Vault XP
 C = Vault XP percentage of total XP
 D = Non-vault monster count
 E = Vault monster count
 F = Vault count percentage of total count
                 A         B        C        D         E       F
            +---------+---------+-------+---------+---------+-------
      Total |     111 |       0 |   0.0 |      50 |       0 |   0.0
            +---------+---------+-------+---------+---------+-------
        D:1 |      38 |       0 |   0.0 |      22 |       0 |   0.0
        D:2 |      73 |       0 |   0.0 |      28 |       0 |   0.0
            +---------+---------+-------+---------+---------+-------
